AoeStats
← sightlaber

Black Forest

504779002Analyzed
4v4 RM · 27d ago on Sep 6, 2026· 34m 39s· 8 players
Game mode
Random Map
Map size
Large (8 player)
Population
200
Speed
Normal
Resources
Standard
Victory
Conquest
Starting age
Dark Age
Ending age
Imperial Age
RankedLock teamsTeams togetherTeam positionsShared explorationLock speedFull tech treeHidden civsTurbo modeCheats
Victory
Defeat
🇺🇸 Malians · United States
736
+14
🇨🇿 Hindustanis · Czechia
682
+16
🇮🇳 Turks · India
679
+17
🇫🇷 Italians · France
642
+18
🇹🇷 Teutons · Türkiye
744
-31
🇹🇷 Bohemians · Türkiye
717
-17
🇹🇷 Vietnamese · Türkiye
678
-16
🇹🇷 Inca · Türkiye
633
-14
Herrhosen
6:25 Loom
13:59 Feudal Age
15:39 Double-Bit Axe
20:37 Fishing Lines
24:59 Horse Collar
28:47 Castle Age
27:07 Fletching
27:19 Padded Archer Armor
28:52 Wheelbarrow
29:39 Bow Saw
28:53 Crossbowman
30:00 Bodkin Arrow
31:27 Leather Archer Armor
31:52 Hand Cart
32:32 Gillnets
34:13 Chemistry
33:36 Ballistics
34:25 Caravan
sightlaber
16:01 Feudal Age
17:28 Double-Bit Axe
17:52 Horse Collar
20:32 Wheelbarrow
20:34 Man-at-Arms
24:28 Forging
24:19 Scale Mail Armor
25:44 Gold Mining
Herun
1:48 Loom
15:43 Feudal Age
16:26 Horse Collar
16:35 Double-Bit Axe
17:29 Wheelbarrow
20:08 Fletching
24:30 Castle Age
23:59 Gold Mining
23:59 Stone Mining
24:41 Elite Skirmisher
25:46 Heavy Plow
25:59 Bow Saw
27:01 Husbandry
31:28 Bodkin Arrow
HAROSEN
18:01 Feudal Age
18:40 Double-Bit Axe
18:36 Horse Collar
20:00 Wheelbarrow
26:36 Castle Age
25:32 Scale Mail Armor
25:32 Fletching
25:44 Padded Archer Armor
25:55 Forging
26:11 Arson
28:31 Hand Cart
28:35 Bow Saw
31:02 Elite Skirmisher
Blitzo
7:10 Loom
14:06 Feudal Age
14:30 Horse Collar
14:37 Double-Bit Axe
17:07 Wheelbarrow
22:43 Castle Age
20:50 Gold Mining
25:16 Stone Mining
27:49 Gold Shaft Mining
28:45 Bow Saw
29:27 Husbandry
30:27 Bloodlines
31:14 Forging
31:40 Scale Barding Armor
betalbaadshah
0:50 Loom
17:59 Feudal Age
20:41 Wheelbarrow
19:54 Town Watch
19:59 Double-Bit Axe
19:59 Horse Collar
20:14 Gold Mining
20:20 Stone Mining
23:43 Town Watch
27:43 Castle Age
26:05 Fishing Lines
29:12 Padded Archer Armor
29:02 Fletching
29:23 Forging
29:13 Scale Mail Armor
29:17 Heavy Plow
29:31 Bow Saw
30:01 Gold Shaft Mining
Sandroudrou
0:44 Loom
12:29 Feudal Age
13:46 Wheelbarrow
12:57 Town Watch
12:55 Horse Collar
13:14 Double-Bit Axe
13:27 Man-at-Arms
13:55 Arson
16:05 Gold Mining
23:05 Castle Age
21:12 Stone Mining
21:54 Bloodlines
23:57 Heavy Plow
24:48 Hand Cart
25:21 Bow Saw
26:20 Stone Shaft Mining
26:12 Crossbowman
27:31 Squires
27:52 Treadmill Crane
28:25 Masonry
28:37 Ballistics
28:27 Long Swordsman
29:53 Light Cavalry
31:43 Husbandry
31:52 Thumb Ring
34:18 Town Patrol
一把菜刀
1:21 Loom
14:07 Feudal Age
16:18 Wheelbarrow
16:16 Horse Collar
19:30 Castle Age
17:57 Stone Mining
17:58 Double-Bit Axe
20:41 Fletching
22:07 Town Watch
22:06 Pikeman
Connection lost

Rejoining the realm…

Still unreachable

The connection could not be restored.

Session expired

The server has moved on; the page needs a fresh start.